 Dungeon Crawl Stone Soup version 0.20-a0-616-gad7b6bd (webtiles) character file.

51 AlphabetPasta the Vexing (level 3, -1/27 HPs)
             Began as a Mummy Arcane Marksman on Feb 8, 2017.
             Slain by a jackal (2 damage)
             ... on level 1 of the Dungeon.
             The game lasted 00:05:48 (965 turns).

AlphabetPasta the Vexing (Mummy Arcane Marksman)     Turns: 965, Time: 00:05:48

Health: -1/27      AC:  2    Str: 13    XL:     3   Next: 57%
Magic:  0/6        EV: 12    Int: 13    God:
Gold:   72         SH:  0    Dex: 12    Spells: 3/6 levels left

rFire    x . .     SeeInvis .   a - +0 hand crossbow
rCold    + . .     Gourm    .   e - +0 robe
rNeg     + + +     Faith    .   (no shield)
rPois    ∞         Spirit   .   (no helmet)
rElec    .         Reflect  .   (no cloak)
rCorr    .         Harm     .   (no gloves)
MR       .....                  (no boots)
Stlth    +.........             (no amulet)
Regen    0.1/turn               (no ring)
                                (no ring)

@: no status effects
A: no food or potions, fire vulnerability, cold resistance 1, negative energy
resistance 3, torment resistance, unbreathing
a: no special abilities


You were on level 1 of the Dungeon.
You were not hungry.

You visited 1 branch of the dungeon, and saw 2 of its levels.

You collected 72 gold pieces.

Inventory:

Hand Weapons
 a - a +0 hand crossbow (weapon)
 b - a +0 club
Armour
 e - a +0 robe (worn)
Jewellery
 g - an uncursed amulet of magic regeneration {unknown}
Books
 c - a book of Debilitation

   Spells                             Type                      Level
   a - Corona                         Hexes                        1
   b - Slow                           Hexes                        2
   c - Gell's Gravitas                Hexes/Translocation          3
   d - Inner Flame                    Hexes/Fire                   3
   e - Cause Fear                     Hexes                        4
   f - Leda's Liquefaction            Hexes/Earth                  4


   Skills:
 + Level 2.0 Fighting
 * Level 2.1 Crossbows
 + Level 1.8 Dodging
 + Level 2.0 Spellcasting
 + Level 3.0 Hexes


You had 3 spell levels left.
You knew the following spells:

 Your Spells              Type           Power        Failure   Level  Hunger
a - Corona                Hex            #......      10%         1    N/A
b - Slow                  Hex            #.......     12%         2    N/A

Dungeon Overview and Level Annotations

Branches:
Dungeon (2/15)

Altars:

Annotations:
D:2 Sigmund


Innate Abilities, Weirdness & Mutations

You do not eat or drink.
Your flesh is vulnerable to fire.
You are immune to poison.
Your flesh is cold resistant. (rC+)
You are immune to negative energy. (rN+++)
You are immune to unholy pain and torment.
You can survive without breathing.


Message History

You closely miss the jackal.
The jackal is moderately wounded.
The jackal bites you but does no damage. x2
You clumsily bash the jackal but do no damage.
The jackal is moderately wounded.
The jackal bites you but does no damage.
The jackal misses you.
Casting: Slow
Confirm with . or Enter, or press ? or * to list all spells.
Aiming: Slow
Press: ? - help, Shift-Dir - straight line, f/p - jackal
Aim: a jackal (moderately wounded, chance to defeat MR: 62%)
The jackal resists with significant effort.
The jackal completely misses you. The jackal barely misses you.
You closely miss the jackal.
The jackal is moderately wounded.
The jackal bites you.
* * * LOW HITPOINT WARNING * * *
The jackal bites you.
You die...

...#.#
#.###......###########
#.[..##
#..##......'..........
......#
##.##......###########
......# #.....######
#...# ......# #.....#
#.#.# ......# #.....#
#.#.. #.##### #.....#
#.### ..# #.....#
#.### ### #...h@#
#...# #.....# #.#..
#.....# #######.##+
#....## #.......##.
###### ##########. #.
#. #♣ #P


You could see a jackal.

Vanquished Creatures
  An adder (D:2)
  2 worms (D:2)
  A dart slug (D:1)
  4 leopard geckos
  2 giant cockroaches (D:1)
  4 goblins (D:1)
  2 hobgoblins
  2 jackals (D:1)
  7 kobolds (D:1)
  2 bats (D:1)
  A frilled lizard (D:2)
  A rat (D:2)
29 creatures vanquished.

Notes
Turn   | Place    | Note
-------+----------+-------------------------------------------
     0 | D:1      | AlphabetPasta the Mummy Arcane Marksman began the quest for the Orb.
     0 | D:1      | Reached XP level 1. HP: 15/15 MP: 2/2
   219 | D:1      | Reached XP level 2. HP: 21/21 MP: 4/4
   362 | D:1      | Learned a level 2 spell: Slow
   726 | D:1      | Reached XP level 3. HP: 27/27 MP: 5/5
   893 | D:2      | Reached skill level 3 in Hexes
   906 | D:2      | Noticed Sigmund
   965 | D:1      | HP: 1/27 [jackal (1)]
   965 | D:1      | Slain by a jackal

Vault maps used:
D:1:      tarquinn_simple_flora_water_d
D:2:      minmay_tree_intersection, uniq_crazy_yiuf_cottage, uniq_sigmund,
          uniq_terence, uniq_robin

Skill      XL: |  1  2  3 |
---------------+----------+-----
Crossbows      | 2 |  2.1
Fighting       | 2 |  2.0
Hexes          | 3 |  3.0
Spellcasting   | 2 |  2.0
Dodging        | |  1.8

Action                   || total
-------------------------++-------
Melee: Hand crossbow     ||    24
 Fire: Hand crossbow     ||    61
 Cast: Slow              ||     4
  Use: Scroll            ||     2
Armor: Robe              ||    12
Dodge: Dodged            ||    52
